 Dungeon Crawl Stone Soup version 0.17.0-15-g6d90897 (console) character file.

74 gw the Digger (level 4, 32/32 HPs)
             Began as a Human Earth Elementalist on Nov 10, 2015.
             Starved to death
             ... while paralysed
             ... on level 2 of the Dungeon.
             The game lasted 00:04:34 (3221 turns).

gw the Digger (Human Earth Elementalist)            Turns: 3221, Time: 00:04:34

Health: 32/32      AC:  4    Str:  8    XL:     4   Next: 52%
Magic:  8/8        EV:  2    Int: 17    God:    Xom [..*...]
Gold:   92         SH:  0    Dex: 13    Spells: 3 memorised, 3 levels left

rFire  . . .     SeeInvis .     b - +0 dagger
rCold  . . .     Clarity  .     h - +0 leather armour
rNeg   . . .     SustAt   .     (no shield)
rPois  .         Gourm    .     (no helmet)
rElec  .         Spirit   .     (no cloak)
rCorr  .         Warding  .     g - +0 pair of gloves
rMut   .         Stasis   .     (no boots)
MR     .....                    (no amulet)
Stlth  ++........               (no ring)
                                (no ring)

@: paralysed, fainting, not resistant to hostile enchantments, unstealthy
A: no striking features
a: Renounce Religion


You were on level 2 of the Dungeon.
You worshipped Xom.
You were a toy of Xom.
You were fainting.

You visited 1 branch of the dungeon, and saw 2 of its levels.

You collected 92 gold pieces.

Inventory:

Hand Weapons
 b - a +0 dagger (weapon)
Missiles
 a - 89 stones (quivered)
 f - 18 bolts
Armour
 g - a +0 pair of gloves (worn)
 h - a +0 leather armour (worn)
Books
 c - a book of Geomancy

   Spells                             Type                      Level
   a - Sandblast                      Earth                        1
   b - Stoneskin                      Transmutation/Earth          2
   c - Passwall                       Transmutation/Earth          3
   d - Stone Arrow                    Conjuration/Earth            3
   e - Petrify                        Transmutation/Earth          4
   f - Lee's Rapid Deconstruction     Earth                        5
Comestibles
 d - 2 bread rations


   Skills:
 + Level 1.1 Fighting
 + Level 1.2 Short Blades
 + Level 1.0 Armour
 - Level 2.0 Dodging
 - Level 2.0 Stealth
 * Level 3.0 Spellcasting
 - Level 1.0 Transmutations
 + Level 3.3 Earth Magic


You had 3 spell levels left.
You knew the following spells:

 Your Spells              Type           Power        Failure   Level  Hunger
a - Sandblast             Erth           ##....       8%          1    None
b - Stoneskin             Trmt/Erth      ##......     17%         2    ##.....
c - Stone Arrow           Conj/Erth      #.....       43%         3    ###....


Dungeon Overview and Level Annotations

Branches:
Dungeon (2/15)

Altars:
Nemelex Xobeh
Ru
Xom


Message History

Unknown command.
Attempting RANGED ATTACK TO (1,3); ATTACKING (0,1)
You swing at nothing.
Unknown command.
Unknown command.
Unknown command.
Unknown command.
Attempting RANGED ATTACK TO (1,3); ATTACKING (0,1)
You swing at nothing.
Unknown command.
Unknown command.
Unknown command.
Unknown command.
Attempting RANGED ATTACK TO (1,3); ATTACKING (0,1)
You swing at nothing.
You lose consciousness!
Xom roars with laughter!
You have starved to death.
You die...
Xom is highly amused!

#. .. ..#.#.#.#
..#.##.######........
...........#.#.#.#.# #
..#.#.......#.#.#.#.#
+.
....<.......#.#.#.#.#
.'#######'....#.#...#.#
#.. #...#.#.##........
#...#.).#....).......#
#....p..#.#........###
###._.###...########
#...... #...# #
#...#.r.#.#.# .
#...#...#.#.# .
+#######+.#.# . ##
#.####...


You could see a quokka (paralysed).

Table legend:
 A = Turns spent in this place as a percentage of turns spent in the entire game.
 B = Non-inter-level travel turns spent in this place as a percentage of non-inter-level travel turns spent in the entire game.
 C = Inter-level travel turns spent in this place as a percentage of turns spent in this place.
 D = Turns resting spent in this place as a percentage of non-inter-level travel turns spent in this place.
 E = Turns spent auto-exploring this place as a percentage of non-inter-level travel turns spent in this place.
 F = Non-inter-level travel turns spent in this place divided by the number of levels of this place that you've seen.
                   A       B       C       D       E      F
               +-------+-------+-------+-------+-------+----------------------
         Total | 100.0 | 100.0 |   0.3 |   1.5 |   1.2 | 3412.0
       Dungeon | 100.0 | 100.0 |   0.3 |   1.5 |   1.2 | 3412.0
               +-------+-------+-------+-------+-------+----------------------

Table legend:
 A = Kills in this place as a percentage of kills in entire the game.
 B = Kills by you in this place as a percentage of kills by you in the entire game.
 C = Kills by friends in this place as a percentage of kills by friends in the entire game.
 D = Other kills in this place as a percentage of other kills in the entire game.
 E = Experience gained in this place as a percentage of experience gained in the entire game.
 F = Experience gained in this place divided by the number of levels of this place that you have seen.
                   A       B       C       D       E      F
               +-------+-------+-------+-------+-------+----------------------
         Total | 100.0 | 100.0 |  -nan |  -nan | 100.0 |  53.0
       Dungeon | 100.0 | 100.0 |  -nan |  -nan | 100.0 |  53.0
               +-------+-------+-------+-------+-------+----------------------

Vanquished Creatures
  2 adders (D:2)
  5 bats
  3 giant cockroaches
  17 goblins
  3 hobgoblins
  A ball python (D:2)
  5 giant geckos
  9 kobolds
  3 rats
48 creatures vanquished.

Notes
Turn   | Place    | Note
--------------------------------------------------------------
     0 | D:1      | gw the Human Earth Elementalist began the quest for the Orb.
     0 | D:1      | Reached XP level 1. HP: 13/13 MP: 3/3
   166 | D:1      | Reached XP level 2. HP: 19/19 MP: 1/5
   210 | D:1      | Learned a level 2 spell: Stoneskin
   861 | D:1      | Reached skill level 1 in Short Blades
   973 | D:1      | Reached XP level 3. HP: 18/24 MP: 0/6
  1041 | D:1      | Learned a level 3 spell: Stone Arrow
  1839 | D:2      | Reached XP level 4. HP: 30/30 MP: 6/8
  1936 | D:2      | Found a sparkling altar of Nemelex Xobeh.
  2042 | D:2      | Found a shimmering altar of Xom.
  2050 | D:2      | Became a worshipper of Xom of Chaos
  2195 | D:2      | XOM: silly message
  2337 | D:2      | Reached skill level 1 in Fighting
  2337 | D:2      | Reached skill level 1 in Armour
  2642 | D:2      | Found a sacrificial altar of Ru.
  2667 | D:2      | XOM: harmless Air miscast
  2868 | D:2      | XOM: mild Tloc miscast
  3221 | D:2      | Starved to death

Action                   |  1- 3 |  4- 6 || total
-------------------------+-------+-------++-------
Melee: Dagger            |    26 |       ||    26
Throw: Stone             |    11 |       ||    11
 Cast: Sandblast         |    64 |    33 ||    97
       Stoneskin         |     5 |       ||     5
  Eat: Chunk             |     4 |     3 ||     7

Vault maps used:
D:1:      evilmike_arrival_plus
D:2:      nicolae_ru_great_annihilating_truth, nicolae_overflow_crystal_walls,
          nicolae_overflow_hidden_temple
